 Dungeon Crawl Stone Soup version 0.17.0-22-g5edae84 (webtiles) character file.

1230 JudasIscariot the Covered (level 8, -5/62 HPs)
             Began as a Demonspawn Fighter on Nov 12, 2015.
             Slain by Menkaure (7 damage)
             ... on level 5 of the Dungeon.
             The game lasted 00:12:29 (4187 turns).

JudasIscariot the Covered (Demonspawn Fighter)      Turns: 4187, Time: 00:12:29

Health: -5/62      AC: 14    Str: 23    XL:     8   Next: 24%
Magic:  8/8        EV:  7    Int:  9    God:
Gold:   205        SH: 10    Dex: 12    Spells: 0 memorised, 7 levels left

rFire  . . .     SeeInvis .     G - +1 whip (freeze)
rCold  . . .     Clarity  .     h - +0 chain mail
rNeg   . . .     SustAt   .     c - +0 shield
rPois  .         Gourm    .     (no helmet)
rElec  .         Spirit   .     g - +0 cloak
rCorr  .         Warding  .     d - +0 pair of gloves {Str+3}
rMut   +         Stasis   .     (no boots)
MR     +....                    v - amulet of resist mutation
Stlth  ..........               (no ring)
                                E - ring of protection from magic

@: somewhat resistant to hostile enchantments, extremely unstealthy
A: talons 2, thin metallic scales 1, powered by death 1
a: no special abilities


You were on level 5 of the Dungeon.
You were not hungry.

You visited 1 branch of the dungeon, and saw 5 of its levels.

You collected 317 gold pieces.
You spent 112 gold pieces at shops.

Inventory:

Hand Weapons
 a - a +0 flail
 G - a +1 whip of freezing (weapon)
Armour
 b - a +0 scale mail
 c - a +0 shield (worn)
 d - a +0 pair of gloves of strength (worn)
 g - a +0 cloak (worn)
 h - a +0 chain mail (worn)
Jewellery
 v - an amulet of resist mutation (around neck)
 E - a ring of protection from magic (left hand)
Wands
 w - a wand of confusion (33)
 C - a wand of magic darts (13)
Scrolls
 e - a scroll of teleportation {unknown}
 j - a scroll of blinking {unknown}
 k - a scroll of fear {unknown}
 l - a scroll of fog {unknown}
 p - 7 scrolls of identify {unknown}
 q - 2 scrolls of random uselessness {unknown}
 r - a scroll of recharging {unknown}
 y - a scroll of amnesia {unknown}
 B - a scroll of remove curse {unknown}
 H - a scroll of enchant armour {unknown}
Potions
 f - a potion of invisibility {unknown}
 n - a potion of brilliance {unknown}
 o - 3 potions of curing {unknown}
 s - 3 potions of haste {unknown}
 t - 2 potions of lignification {unknown}
 z - 2 potions of poison {unknown}
 A - a potion of berserk rage {unknown}
 D - a potion of magic {unknown}
 F - a potion of cancellation {unknown}
Books
 x - a Necronomicon

   Spells                             Type                      Level
   a - Haunt                          Necromancy/Summoning         7
   b - Borgnjor's Revivification      Necromancy                   8
   c - Death's Door                   Charms/Necromancy            8
   d - Necromutation                  Transmutation/Necromancy     8
Comestibles
 i - 2 meat rations
 m - a beef jerky
 u - a slice of pizza
 I - 12 chunks of flesh


   Skills:
 * Level 5.1 Fighting
 * Level 4.4 Maces & Flails
 * Level 6.1 Armour
 + Level 2.1 Dodging
 + Level 0.8 Stealth
 + Level 4.4 Shields


You had 7 spell levels left.
You didn't know any spells.

Dungeon Overview and Level Annotations

Branches:
Dungeon (5/15)
 Temple: D:4-7

Altars:
The Shining One

Shops:
D:4 [

Annotations:
D:5 Menkaure


Innate Abilities, Weirdness & Mutations

You have razor-sharp toenails.
You are partially covered in thin metallic scales (AC +2).
You regenerate a little health from kills.


Message History

Menkaure hits you but does no damage.
You hit Menkaure but do no damage.
Menkaure is heavily damaged.
Menkaure points at you and mumbles some strange words.
Pain shoots through your body!
You barely miss Menkaure.
Menkaure is heavily damaged.
You hit Menkaure. You claw Menkaure.
Menkaure is heavily damaged.
Menkaure calls on the powers of darkness!
Your body is wracked with pain!
* * * LOW HITPOINT WARNING * * *
You whack Menkaure! You freeze Menkaure. You claw Menkaure, but do no damage.
Menkaure is almost destroyed.
Menkaure hits you!
* * * LOW HITPOINT WARNING * * *
You closely miss Menkaure.
Menkaure is almost destroyed.
Menkaure hits you!
You die...

######## #####.........
####............
####..............#
............###.#.##
####.#####.........
#.....###..##.#.#
###..##.###..##.#.####..
.()......>......@.......
.<#..##.###..#.##M####..
....................
.....######.##.##.###
###..# ....... .# .....
...........
#..###..#.##.#### #..#
#.... #.# ...#


You could see Menkaure.

Vanquished Creatures
  Pikel (D:4)
  The ghost of Dustman the Chopper, a novice HuFi (D:4)
  A centaur (D:5)
  A giant frog (D:4)
  An iguana (D:4)
  2 orc priests (D:4)
  A hound (D:2)
  3 worker ants (D:4)
  A hound skeleton (D:5)
  8 adders
  2 adder skeletons (D:4)
  4 worms
  7 giant geckos
  12 orcs
  5 giant cockroaches
  4 goblins
  7 hobgoblins
  2 jackals (D:3)
  3 quokkas
  A ball python (D:1)
  7 bats
  2 giant newts
  A jackal skeleton (D:4)
  4 kobolds
  10 rats
91 creatures vanquished.

Vanquished Creatures (others)
  A giant newt (D:4)
1 creature vanquished.

Grand Total: 92 creatures vanquished

Notes
Turn   | Place    | Note
--------------------------------------------------------------
     0 | D:1      | JudasIscariot the Demonspawn Fighter began the quest for the Orb.
     0 | D:1      | Reached XP level 1. HP: 18/18 MP: 1/1
   265 | D:1      | Gained mutation: You have sharp toenails. [demonic ancestry]
   265 | D:1      | Reached XP level 2. HP: 24/24 MP: 2/2
  1154 | D:2      | Gained mutation: You are partially covered in thin metallic scales (AC +2). [demonic ancestry]
  1154 | D:2      | Reached XP level 3. HP: 24/29 MP: 3/3
  1287 | D:2      | Found a glowing golden altar of the Shining One.
  1527 | D:2      | Reached XP level 4. HP: 31/35 MP: 4/4
  2389 | D:3      | Reached XP level 5. HP: 37/42 MP: 5/5
  2443 | D:3      | Reached skill level 1 in Dodging
  2944 | D:4      | Noticed a slave
  2946 | D:4      | Noticed a slave
  2946 | D:4      | Noticed a slave
  2946 | D:4      | Noticed a slave
  2948 | D:4      | Noticed Pikel
  3010 | D:4      | Killed Pikel
  3010 | D:4      | Reached skill level 4 in Fighting
  3010 | D:4      | Reached skill level 5 in Armour
  3010 | D:4      | Gained mutation: You regenerate a little health from kills. [demonic ancestry]
  3010 | D:4      | Reached XP level 6. HP: 10/49 MP: 6/6
  3010 | D:4      | Gained mutation: You have razor-sharp toenails. [demonic ancestry]
  3010 | D:4      | Reached XP level 7. HP: 11/55 MP: 7/7
  3319 | D:4      | Noticed Dustman's ghost (novice HuFi)
  3342 | D:4      | HP: 2/55 [Dustman's ghost (11)]
  3347 | D:4      | Killed Dustman's ghost
  3599 | D:4      | Found Koujoull's Antique Armour Shoppe.
  3605 | D:4      | Bought a pair of runed gloves for 112 gold pieces
  3639 | D:4      | Reached XP level 8. HP: 61/61 MP: 8/8
  3657 | D:4      | Reached skill level 5 in Fighting
  4119 | D:5      | Entered Level 5 of the Dungeon
  4139 | D:5      | Reached skill level 6 in Armour
  4173 | D:5      | Noticed Menkaure
  4186 | D:5      | HP: 2/62 [Menkaure (16)]
  4187 | D:5      | Slain by Menkaure

Action                   |  1- 3 |  4- 6 |  7- 9 || total
-------------------------+-------+-------+-------++-------
Melee: Flail             |   169 |   144 |     5 ||   318
       Whip              |       |       |   116 ||   116
Evoke: Wand              |       |       |     1 ||     1
  Use: Potion            |       |     1 |     1 ||     2
  Eat: Chunk             |     2 |     5 |     1 ||     8
       Bread ration      |       |       |     1 ||     1
